AoeStats
← QNa_NguaHoang

Oasis

508385280Analyzed
4v4 RM · 9d ago on Sep 22, 2026· 65m 59s· 8 players
Game mode
Random Map
Map size
Large (8 player)
Population
200
Speed
Normal
Resources
Standard
Victory
Conquest
Starting age
Dark Age
Ending age
Imperial Age
RankedLock teamsTeams togetherTeam positionsShared explorationLock speedFull tech treeHidden civsTurbo modeCheats
Victory
Defeat
🇻🇳 Berbers · Vietnam
1249
+16
🇨🇳 Turks · China
1230
+17
🇨🇳 Franks · China
1193
+18
🇨🇳 Spanish · China
1166
+19
🇲🇽 Mongols · Mexico
1394
-24
🇲🇽 Koreans · Mexico
1208
-16
🇲🇽 Khmer · Mexico
1182
-15
🇦🇷 Malay · Argentina
1178
-15
国产男子汉
11:46 Feudal Age
10:55 Loom
15:52 Castle Age
14:16 Double-Bit Axe
14:18 Horse Collar
18:19 Wheelbarrow
18:05 Bow Saw
18:51 Gold Mining
19:40 Padded Archer Armor
25:24 Forging
25:14 Scale Mail Armor
26:56 Iron Casting
32:28 Chain Mail Armor
33:09 Hand Cart
34:43 Town Watch
40:25 Imperial Age
38:24 Gold Mining
41:48 Conscription
40:49 Elite Janissary
41:46 Leather Archer Armor
44:35 Ring Archer Armor
45:10 Blast Furnace
44:16 Scale Barding Armor
45:32 Bloodlines
45:23 Husbandry
46:13 Ring Archer Armor
45:50 Scale Barding Armor
47:35 Blast Furnace
48:22 Chain Barding Armor
53:40 Plate Barding Armor
55:13 Caravan
55:26 Guilds
57:24 Gold Shaft Mining
62:50 Two-Man Saw
61:53 Heavy Plow
61:47 Stone Mining
64:55 Artillery
65:32 Hoardings
64:52 Fletching
65:27 Ballistics
65:07 Murder Holes
65:22 Masonry
SW_Paul
9:02 Loom
10:52 Feudal Age
12:43 Double-Bit Axe
15:52 Castle Age
14:47 Padded Archer Armor
15:21 Gold Mining
15:26 Fletching
16:05 Horse Collar
27:00 Bloodlines
26:50 Husbandry
28:25 Leather Archer Armor
31:34 Fervor
31:40 Fervor
33:20 Wheelbarrow
34:56 Stone Mining
37:18 Heavy Plow
37:30 Bow Saw
41:35 Imperial Age
39:58 Hand Cart
40:25 Stone Shaft Mining
41:01 Scale Barding Armor
41:07 Forging
42:19 Chain Barding Armor
42:45 Fletching
43:25 Ring Archer Armor
43:31 Iron Casting
44:13 Chemistry
43:33 Ballistics
43:51 Conscription
44:37 Plate Barding Armor
45:23 Two-Man Saw
43:50 Cavalier
44:59 Paladin
46:38 Town Watch
48:07 Blast Furnace
48:54 Bodkin Arrow
49:13 Masonry
49:00 Murder Holes
48:51 Arrowslits
50:25 Bracer
50:09 Elite Genitour
51:19 Thumb Ring
57:11 Coinage
61:26 Block Printing
61:28 Redemption
61:58 Theocracy
61:42 Guilds
62:13 Illumination
63:44 Inquisition
63:23 Sappers
64:22 Supremacy
SW硬虎
8:51 Loom
9:07 Loom
13:13 Feudal Age
20:17 Double-Bit Axe
29:23 Castle Age
28:38 Scale Barding Armor
29:22 Forging
31:45 Wheelbarrow
31:04 Gold Mining
31:45 Fletching
32:01 Husbandry
33:35 Stone Mining
34:57 Bodkin Arrow
40:51 Imperial Age
39:45 Hand Cart
41:07 Chain Barding Armor
41:24 Iron Casting
41:58 Conscription
41:11 Cavalier
43:13 Plate Barding Armor
45:27 Gold Shaft Mining
45:29 Bow Saw
45:31 Chivalry
46:33 Town Watch
46:33 Town Watch
46:47 Paladin
48:55 Blast Furnace
51:02 Town Patrol
51:03 Town Patrol
53:42 Coinage
53:42 Fervor
56:02 Elite Skirmisher
56:05 Elite Genitour
56:47 Padded Archer Armor
57:52 Banking
58:24 Leather Archer Armor
61:51 Ballistics
62:32 Chemistry
61:29 Murder Holes
65:53 Light Cavalry
QNa_NguaHoang
2:49 Loom
11:38 Feudal Age
12:15 Double-Bit Axe
12:22 Gold Mining
12:39 Horse Collar
17:04 Fletching
18:44 Padded Archer Armor
24:09 Castle Age
27:02 Heavy Plow
27:14 Bow Saw
29:57 Fervor
30:41 Pikeman
31:21 Squires
37:22 Imperial Age
35:31 Wheelbarrow
35:09 Forging
35:00 Scale Mail Armor
35:00 Arson
37:19 Hand Cart
37:50 Chain Mail Armor
38:10 Iron Casting
38:46 Capped Ram
41:28 Blast Furnace
43:06 Scale Barding Armor
43:28 Heavy Camel Rider
44:50 Bloodlines
45:23 Chain Barding Armor
45:39 Husbandry
50:28 Chain Barding Armor
52:20 Plate Barding Armor
52:06 Light Cavalry
53:40 Hussar
Sonaron Disparos
7:50 Feudal Age
7:42 Loom
8:27 Double-Bit Axe
21:22 Castle Age
19:47 Gold Mining
19:40 Horse Collar
20:41 Forging
21:19 Bloodlines
21:16 Scale Barding Armor
23:14 Iron Casting
23:38 Gold Shaft Mining
27:27 Husbandry
El Gobernador
8:24 Feudal Age
6:40 Loom
9:05 Double-Bit Axe
9:01 Horse Collar
15:23 Wheelbarrow
18:18 Castle Age
16:13 Gold Mining
17:19 Scale Barding Armor
20:40 Bow Saw
23:52 Stone Mining
24:57 Husbandry
26:27 Hand Cart
27:16 Bloodlines
27:55 Heavy Plow
28:34 Fletching
30:03 Bodkin Arrow
30:08 Padded Archer Armor
32:06 Leather Archer Armor
36:18 Ballistics
39:19 Imperial Age
37:42 Thumb Ring
39:24 Onager
39:24 Capped Ram
39:30 Elite Mangudai
40:31 Conscription
40:37 Parthian Tactics
42:05 Drill
42:18 Siege Ram
45:17 Chemistry
51:03 Murder Holes
59:30 Nomads
[3 ♢ ♢ ♢ ]
7:28 Loom
10:01 Feudal Age
10:59 Double-Bit Axe
21:49 Fletching
25:44 Castle Age
25:57 Crossbowman
33:27 Bow Saw
33:43 Gold Mining
37:56 Ballistics
38:12 Town Watch
41:22 Bodkin Arrow
42:11 Wheelbarrow
45:35 Hand Cart
60:59 Murder Holes
Eros
7:31 Loom
14:04 Feudal Age
14:45 Horse Collar
18:15 Castle Age
19:08 Husbandry
21:19 Scale Barding Armor
22:01 Forging
25:10 Iron Casting
29:07 Double-Bit Axe
29:23 Heavy Plow
31:46 Wheelbarrow
31:11 Stone Mining
31:14 Fletching
31:56 Bodkin Arrow
36:59 Wheelbarrow
37:30 Gold Mining
38:36 Guard Tower
41:35 Imperial Age
40:36 Hand Cart
40:32 Bow Saw
40:39 Masonry
40:12 Pikeman
40:56 Squires
43:16 Conscription
44:28 Ballistics
47:07 Treadmill Crane
49:20 Crop Rotation
48:21 Halberdier
52:08 Blast Furnace
51:46 Murder Holes
53:33 Bracer
54:35 Chemistry
Connection lost

Rejoining the realm…

Still unreachable

The connection could not be restored.

Session expired

The server has moved on; the page needs a fresh start.